Get step-by-step instructions on how to execute this build order below. Start the game timer, and the build order will tick by so you can play in parallel with StarCraft on a second screen or mobile device.

Game Time

  0:00

Last Step

  N/A

Next Step

Upcoming Step



Don't want to look back and forth between 2 screens? Try out our Overwolf App, the Spawning Tool Build Advisor to get an in-game overlay with this build!

Complete Build Order

  12  0:00  Drone  
  13  0:12  Overlord  
  13  0:16  Drone  
  14  0:30  Drone x2  
  16  0:41  Drone  
  17  0:50  Hatchery  
  17  0:54  Drone  
  17  0:57  Drone  
  18  1:08  Extractor  
  17  1:12  Spawning Pool  
  17  1:15  Drone  
  17  1:18  Drone  
  18  1:28  Drone  
  19  1:38  Drone  
  20  1:48  Overlord  
  20  1:59  Queen  
  22  2:02  Zergling x2, Queen  
  22  2:03  Zergling x2  
  26  2:10  Drone  
  26  2:13  Drone, Metabolic Boost  
  28  2:21  Drone  
  29  2:25  Drone  
  30  2:36  Hatchery  
  29  2:38  Zergling x2, Drone  
  31  2:44  Queen  
  31  2:49  Overlord  
  33  2:52  Drone  
  33  2:58  Drone x2  
  36  3:07  Queen, Overlord  
  36  3:09  Drone  
  40  3:12  Drone  
  40  3:13  Drone  
  40  3:19  Zergling x4  
  42  3:22  Overlord  
  42  3:26  Drone  
  43  3:30  Drone  
  43  3:31  Queen  
  46  3:37  Overlord  
  46  3:38  Drone  
  46  3:40  Drone x2  
  50  3:41  Drone  
  50  3:46  Queen  
  52  3:50  Drone  
  52  3:52  Spore Crawler  
  52  3:56  Drone x2  
  52  4:01  Drone  
  52  4:02  Drone  
  56  4:04  Drone x3  
  56  4:08  Overlord  
  56  4:09  Drone  
  58  4:13  Drone x2  
  59  4:18  Drone x2  
  59  4:21  Drone  
  62  4:25  Spore Crawler  
  62  4:26  Zergling x6  
  62  4:27  Evolution Chamber  
  62  4:28  Zergling x2  
  62  4:30  Drone  
  65  4:33  Queen  
  65  4:35  Drone  
  69  4:38  Drone x2  
  69  4:41  Spore Crawler  
  69  4:43  Zergling x4  
  71  4:48  Drone x4  
  71  4:51  Overlord  
  75  4:53  Drone x2  
  75  4:56  Zerg Melee Weapons Level 1  
  75  4:57  Drone  
  75  4:58  Drone  
  75  4:59  Drone  
  80  5:03  Drone x2  
  81  5:11  Drone x2  
  81  5:12  Drone  
  84  5:15  Overlord  
  84  5:16  Drone x2  
  84  5:17  Drone  
  84  5:21  Lair, Hatchery  
  85  5:24  Extractor  
  85  5:25  Zergling x6  
  85  5:26  Zergling x4  
  89  5:30  Baneling Nest  
  89  5:31  Zergling x4  
  90  5:37  Drone x3, Extractor  
  90  5:38  Extractor, Queen  
  90  5:41  Zergling x2  
  90  5:42  Zergling x6  
  97  5:43  Overlord  
  97  5:48  Overlord  
  97  5:51  Overlord  
  97  5:58  Zergling x2  
  97  6:01  Overlord  
  98  6:05  Zergling x8  
  98  6:06  Zergling x8  
  98  6:08  Drone x2  
  98  6:09  Drone  
  109  6:12  Extractor  
  109  6:13  Extractor  
  107  6:18  Overlord  
  107  6:19  Drone x2  
  107  6:24  Drone x2  
  107  6:25  Drone  
  112  6:29  Spire  
  112  6:30  Drone x2  
  112  6:32  Drone x2  
  112  6:34  Drone x4  
  112  6:35  Drone  
  112  6:37  Drone, Roach Warren  
  117  6:42  Overlord  
  117  6:43  Drone x2  
  114  6:47  Zergling x2  
  114  6:50  Zerg Melee Weapons Level 2  
  114  6:51  Zergling x4  
  114  6:52  Zergling x2  
  111  6:55  Extractor  
  111  6:56  Extractor  
  111  6:57  Zergling x4  
  111  6:58  Zergling x4  
  113  7:02  Drone  
  113  7:04  Zergling x10  
  113  7:05  Spore Crawler  
  113  7:06  Overseer  
  113  7:08  Overlord  
  118  7:09  Zergling x4  
  118  7:10  Zergling x8  
  118  7:12  Hatchery  
  123  7:20  Overlord  
  120  7:31  Roach x7  
  120  7:32  Overlord  
  130  7:44  Mutalisk x10  
  130  7:46  Overlord  
  130  7:50  Mutalisk  
  146  7:56  Centrifugal Hooks  
  146  7:57  Drone x5  
  150  7:59  Overlord  
  150  8:02  Mutalisk x2  
  153  8:05  Zergling x2  
  153  8:06  Zergling x12  
  153  8:07  Ravager  
  153  8:09  Ravager  
  162  8:16  Baneling x6  
  162  8:17  Baneling  
  162  8:18  Zergling x14  
  169  8:26  Ravager x2  
  171  8:27  Zergling x16  
  171  8:29  Overlord  
  179  8:35  Roach  
  179  8:36  Roach x4  
  179  8:40  Zergling x2, Roach x3  
  181  8:45  Roach  
  168  8:50  Zergling x4, Roach x2  
  170  8:59  Zergling x14  
  176  9:08  Zergling x6, Infestation Pit  
  176  9:09  Zergling x2  
  175  9:15  Zergling x4  
  175  9:16  Zergling x8  
  175  9:18  Pneumatized Carapace  
  175  9:21  Baneling x9  
  175  9:22  Baneling x9  
  175  9:27  Zergling x8  
  175  9:29  Baneling  
  175  9:30  Baneling x7  
  175  9:39  Zergling x22  
  184  9:47  Zergling x16  
  184  9:51  Ravager x3  
  194  9:54  Baneling x10  
  194  9:58  Zergling x2  
  194  9:59  Zergling x4  
  197  10:00  Overlord